 Dungeon Crawl Stone Soup version 0.31.0-1-g2c135a008e (webtiles) character file.

Game seed: 13982330481199408093

27913 Amplified the Fighter (level 13, -1/122 HPs)
             Began as a Minotaur Alchemist on Jan 20, 2024.
             Was an Elder of Trog.
             Slain by a red devil
             ... wielding a +0 trident
             ... summoned by an orc high priest
              (18 damage)
             ... on level 2 of the Orcish Mines.
             The game lasted 00:24:59 (13990 turns).

Amplified the Fighter (Minotaur Alchemist)         Turns: 13990, Time: 00:24:59

Health: -1/122     AC:  4    Str: 17    XL:     13   Next: 6%
Magic:  14/14      EV: 15    Int: 15    God:    Trog [****..]
Gold:   1186       SH:  0    Dex: 15    Spells: 11/14 levels left

rFire   . . .        C - +0 demon whip (venom)
rCold   . . .        (no shield)
rNeg    . . .        f - +0 scale mail "Cacwudgh" {rElec Int+3}
rPois   +            e - +1 hat
rElec   +            r - +0 cloak
rCorr   .            (no gloves)
SInv    .            H - +3 pair of boots "Ytesolum" {Fly Dex+3}
Will    ++...        (no amulet)
Stlth   +            m - ring of poison resistance
HPRegen 1.40/turn    N - +5 ring of evasion
MPRegen 0.14/turn

%: no passive effects
@: strong-willed, spiked, corroded, on berserk cooldown, flying, regenerating,
hasted and slowed
A: horns 2, retaliatory headbutt
a: Renounce Religion, Berserk, Trog's Hand, Brothers in Arms


You were on level 2 of the Orcish Mines.
You worshipped Trog.
Trog was greatly pleased with you.
You visited 2 branches of the dungeon, and saw 16 of its levels.

You collected 1522 gold pieces.
You spent 336 gold pieces at shops.

Inventory:

Hand Weapons
 C - a +0 demon whip of venom (weapon)
 F - a +2 morningstar of draining
 I - a +9 demon trident
Missiles
 l - 3 javelins
 n - a curare-tipped dart (quivered)
 p - 11 silver javelins
 w - 27 poisoned darts
Armour
 e - a +1 hat (worn)
 f - the +0 scale mail "Cacwudgh" (worn) {rElec Int+3}
   (You found it on level 7 of the Dungeon)

   Int+3:     It affects your intelligence (+3).
   rElec:     It insulates you from electricity.
 r - a +0 cloak (worn)
 H - the +3 pair of boots "Ytesolum" (worn) {Fly Dex+3}
   (You bought it in a shop on level 9 of the Dungeon)

   Dex+3:     It affects your dexterity (+3).
   Fly:       It grants you flight.
 K - a +2 chain mail of poison resistance
Jewellery
 i - a ring of resist corrosion
 m - a ring of poison resistance (left hand)
 q - a ring of willpower
 u - a +6 ring of dexterity
 z - a ring of flight
 N - a +5 ring of evasion (right hand)
Wands
 d - a wand of iceblast (8)
 D - a wand of flame (25)
 E - a wand of mindburst (25)
Scrolls
 a - 3 scrolls of silence
 c - 5 scrolls of immolation
 j - a scroll of amnesia
 s - 2 scrolls of torment
 v - a scroll of fog
 x - 2 scrolls of vulnerability
 y - 3 scrolls of identify
Potions
 b - a potion of magic
 g - 2 potions of curing
 h - a potion of berserk rage
 k - 3 potions of enlightenment
 o - 2 potions of attraction
 t - a potion of mutation


   Skills:
 * Level 13.6 Fighting
 - Level 13.0 Maces & Flails
 * Level 3.0 Polearms
 * Level 11.2 Throwing
 * Level 13.0 Armour
 - Level 2.1 Dodging
 - Level 1.5 Stealth
 - Level 1.3 Spellcasting
 - Level 0.6 Conjurations
 - Level 2.1 Alchemy


You had 11 spell levels left.
You knew the following spells:

 Your Spells              Type           Power      Damage    Failure   Level
a - Sting                 Conj/Alch      20%        1d4       32%         1
b - Mercury Vapours       Alch/Air       8%         N/A       50%         2

Your spell library contained the following spells:

 Spells                   Type           Power      Damage    Failure   Level
 Necrotise                Necr           4%         1d4       50%         1
 Summon Small Mammal      Summ           4%         N/A       50%         1
 Mephitic Cloud           Conj/Alch/Air  3%         N/A       75%         3
 Call Canine Familiar     Summ           1%         N/A       86%         3
 Vampiric Draining        Necr           1%         2d6       86%         3
 Olgreb's Toxic Radiance  Alch           7%         N/A       93%         4
 Sticky Flame             Fire/Alch      4%         2d4       98%         4
 Martyr's Knell           Necr/Summ      1%         N/A       99%         4
 Summon Blazeheart Golem  Fire/Summ      1%         N/A       99%         4
 Curse of Agony           Necr           1%         N/A       100%        5


Dungeon Overview and Level Annotations

Branches:
Dungeon (14/15)            Temple (0/1) D:6            Lair (0/5) D:8
    Orc (2/2) D:10            Elf (0/3) Orc:2
 Vaults: D:13-14

Altars:
Fedhas
Gozag
Kikubaaqudgha
Makhleb
Nemelex Xobeh
Okawaru
Qazlal
Ru
Sif Muna
Trog
Uskayaw
Vehumet
Xom

Shops:
D:5 (   D:9 (![((   Orc:1 (*   Orc:2 =

Annotations:
D:9 NEED CRYSTAL


Innate Abilities, Weirdness & Mutations

You have a pair of horns on your head.
You reflexively headbutt those who attack you in melee.


Message History

You hear some strange, mumbled words.
A magic dart appears from out of thin air!
The magic dart hits you but does no damage.
The red devil hits you from afar with a +0 trident!
Barbed spikes become lodged in your body.
Unknown command.
Unknown command.
You closely miss the orc high priest. You headbutt the orc high priest!
The orc high priest is severely wounded.
The rust devil hits you! The rust devil corrodes you!
The orc high priest hits you with a +0 mace.
Unknown command.
Unknown command.
Unknown command.
You hit the orc high priest.
The orc high priest looks as sick as possible!
Your headbutt misses the orc high priest.
The orc high priest is severely wounded.
The orc wizard gestures at you while chanting.
The magic dart hits you. Something hits you but does no damage.
The red devil hits you from afar with a +0 trident!
Barbed spikes become lodged in your body.
Unknown command.
You hit the orc high priest.
The orc high priest looks as sick as possible!
The orc high priest is severely wounded.
The rust devil hits you!
* * * LOW HITPOINT WARNING * * *
The rust devil corrodes you!
The orc high priest hits you with a +0 mace!
* * * LOW HITPOINT WARNING * * *
Unknown command.
Unknown command.
You fail to use your ability.
The orc wizard barely misses you.
You hear some strange, mumbled words.
A puff of flame appears from out of thin air!
The puff of flame hits you!
* * * LOW HITPOINT WARNING * * *
The red devil hits you from afar with a +0 trident!!
You die...

...................####
#########
...........5.....#.# ######
........#........#.# ##...K#
..............#....#
##..##oo.o.#
.......>..##.#5....# #..##
.4o...
..#......#.#5##3...###.##
o##o#.
...#...#......#54..##..# ## #
...........#...o4..##.##
...............5@o.##o#
.................{)##.#
.................))##.#####..
...................)....o....
..................)##.#####..
...................##.#
...................##.#
..........#........##.#
...................##..


You could see an orc high priest (extremely poisoned), a rust devil (summoned),
a ynoxinul (summoned), a red devil (summoned), an orc wizard and 4 ufetubi.

Vanquished Creatures
  Josephine (Orc:1)
  Harold (D:10)
  2 boulder beetles
  A centaur warrior (D:11)
  2 tengu warriors
  Urug (D:10)
  An orc high priest (Orc:2)
  Nergalle (D:12)
  Amaemon (D:11)
  Lodul (D:11)
  Pikel (D:8)
  5 orc knights
  4 orc sorcerers
  A cyclops (D:11)
  4 kobold blastminers
  An ice statue (D:11)
  An orange demon (D:11)
  Maggie (D:8)
  2 gargoyles
  2 unseen horrors
  A kobold demonologist (D:12)
  Psyche (D:11)
  5 trolls
  A hornet (D:7)
  Prince Ribbit (D:8)
  2 vampires
  8 wraiths
  Grum (D:9)
  2 wyverns
  A warg (Orc:2)
  6 steam dragons
  7 vampire mosquitoes
  2 acid dragons
  A water moccasin (D:6)
  21 orc warriors
  A sky beast (D:8)
  An ice beast (D:8)
  A black bear (D:7)
  12 ogres
  3 wolves (D:9)
  10 centaurs
  4 kobold brigands
  4 bullfrogs
  2 gnoll sergeants
  3 scorpions
  3 wights (D:8)
  9 killer bees
  4 hounds
  13 orc priests
  2 gnoll boudas
  22 orc wizards
  4 adders
  23 gnolls
  3 white imps
  3 ufetubi
  A dart slug (D:3)
  A ribbon worm (D:2)
  85 orcs
  7 endoplasms
  A giant cockroach (D:1)
  2 goblins (D:1)
  6 hobgoblins
  18 jackals
  2 quokkas (D:2)
  7 ball pythons
  A bat (D:2)
  2 frilled lizards
  19 kobolds
  4 rats
377 creatures vanquished.

Vanquished Creatures (others)
  An ogre (D:11)
  An ufetubus (D:7)
2 creatures vanquished.

Grand Total: 379 creatures vanquished

Notes
Turn   | Place    | Note
-------+----------+-------------------------------------------
     0 | D:1      | Amplified the Minotaur Alchemist began the quest for the
                  | Orb.
     0 | D:1      | Reached XP level 1. HP: 14/14 MP: 1/1
    40 | D:1      | Reached skill level 1 in Fighting
   272 | D:1      | Reached XP level 2. HP: 22/24 MP: 3/3
   312 | D:1      | Learned a level 2 spell: Mercury Vapours
   665 | D:1      | Reached skill level 1 in Maces & Flails
   966 | D:2      | Reached XP level 3. HP: 30/30 MP: 4/4
  1117 | D:2      | Reached XP level 4. HP: 38/38 MP: 2/5
  1239 | D:2      | Reached skill level 1 in Throwing
  1905 | D:3      | Found a bloodstained altar of Trog.
  1940 | D:3      | Became a worshipper of Trog the Wrathful
  2091 | D:3      | Found a faded altar of an unknown god.
  2210 | D:3      | Reached skill level 1 in Armour
  2210 | D:3      | Reached XP level 5. HP: 30/46 MP: 6/6
  2745 | D:4      | Reached * piety under Trog
  2831 | D:4      | Reached XP level 6. HP: 53/53 MP: 7/7
  3856 | D:5      | Entered Level 5 of the Dungeon
  4096 | D:5      | Reached skill level 5 in Fighting
  4276 | D:5      | Found Qoho's Antique Weapon Shop.
  4472 | D:6      | Reached XP level 7. HP: 54/61 MP: 8/8
  4486 | D:6      | HP: 2/61 [orc warrior/+0 glaive (16)]
  4573 | D:6      | Reached skill level 5 in Maces & Flails
  4645 | D:6      | Found an opulent altar of Gozag.
  4645 | D:6      | Found a hide-covered altar of Uskayaw.
  4804 | D:6      | Found a staircase to the Ecumenical Temple.
  4937 | D:6      | Reached XP level 8. HP: 38/70 MP: 9/9
  5167 | D:6      | Reached ** piety under Trog
  5178 | D:6      | Reached skill level 5 in Armour
  5808 | D:7      | Reached skill level 5 in Throwing
  5875 | D:7      | Noticed a hornet
  5891 | D:7      | Killed a hornet
  5898 | D:7      | Identified the +0 scale mail "Cacwudgh" {rElec Int+3}
  5961 | D:7      | Reached XP level 9. HP: 61/79 MP: 10/10
  6175 | D:8      | Noticed Maggie
  6183 | D:8      | Killed Maggie
  6292 | D:8      | Noticed Prince Ribbit
  6303 | D:8      | Killed Prince Ribbit
  6394 | D:8      | Found a staircase to the Lair.
  6578 | D:8      | Noticed Pikel
  6593 | D:8      | Killed Pikel
  6594 | D:8      | Reached XP level 10. HP: 82/91 MP: 11/11
  6623 | D:8      | Found a burning altar of Makhleb.
  6626 | D:8      | Found a sacrificial altar of Ru.
  6650 | D:8      | Found an ancient bone altar of Kikubaaqudgha.
  6653 | D:8      | Found an iron altar of Okawaru.
  6984 | D:9      | Found Igieklo's Antique Weapon Emporium.
  7053 | D:9      | Found Giwusiz's Antique Weapon Shop.
  7338 | D:9      | Found a sparkling altar of Nemelex Xobeh.
  7429 | D:9      | Found Koicwi's Distillery.
  7439 | D:9      | Found Unir Gyh's Antique Armour Boutique.
  7441 | D:9      | Bought a potion of lignification for 42 gold pieces
  7449 | D:9      | Bought a pair of translucent boots for 294 gold pieces
  7449 | D:9      | Identified the +3 pair of boots "Ytesolum" {Fly Dex+3} (You
                  | bought it in a shop on level 9 of the Dungeon)
  7488 | D:9      | Noticed Grum
  7494 | D:9      | Reached *** piety under Trog
  7498 | D:9      | Killed Grum
  7562 | D:9      | Found a shimmering blue altar of Sif Muna.
  7640 | D:9      | Found Copraupn's Antique Weapon Shoppe.
  7711 | D:9      | Found a blossoming altar of Fedhas.
  7979 | D:10     | Entered Level 10 of the Dungeon
  7980 | D:10     | Noticed Harold
  7996 | D:10     | Noticed Urug
  8005 | D:10     | Found a stormy altar of Qazlal.
  8023 | D:10     | Reached skill level 10 in Fighting
  8032 | D:10     | Killed Urug
  8040 | D:10     | Killed Harold
  8041 | D:10     | Reached skill level 10 in Maces & Flails
  8644 | D:10     | Found a radiant altar of Vehumet.
  8666 | D:10     | Reached XP level 11. HP: 95/101 MP: 12/12
  9090 | D:10     | Found a staircase to the Orcish Mines.
  9211 | D:11     | Noticed Psyche
  9216 | D:11     | Killed Psyche
  9334 | D:11     | Reached skill level 10 in Armour
  9529 | D:11     | Noticed a tengu warrior
  9537 | D:11     | Noticed a tengu warrior
  9765 | D:11     | You are sucked into a shaft and drop 3 floors!
  9766 | D:14     | Noticed a centaur warrior
  9766 | D:14     | Noticed a boulder beetle
  9780 | D:14     | Noticed a rakshasa
  9780 | D:14     | Noticed a rakshasa
  9850 | D:14     | Noticed a boulder beetle
  9901 | D:14     | Killed a boulder beetle
  9975 | D:13     | Noticed a harpy
 10080 | D:12     | HP: 7/153 [gargoyle/+3 morningstar (13)]
 10087 | D:12     | HP: 2/102 [something (5)]
 10400 | D:12     | Noticed Nergalle
 10427 | D:12     | Killed Nergalle
 10782 | D:11     | Noticed Amaemon
 10795 | D:11     | Killed Amaemon
 10922 | D:11     | Killed a tengu warrior
 10996 | D:11     | Noticed a boulder beetle
 11016 | D:11     | Killed a boulder beetle
 11203 | D:11     | Reached XP level 12. HP: 112/112 MP: 13/13
 11258 | D:11     | Noticed a centaur warrior
 11269 | D:11     | Killed a centaur warrior
 11459 | D:11     | Noticed Lodul
 11473 | D:11     | Killed Lodul
 11474 | D:11     | Reached skill level 10 in Throwing
 11502 | D:11     | Found a stormy altar of Qazlal.
 11796 | D:10     | Killed a tengu warrior
 11832 | Orc:1    | Entered Level 1 of the Orcish Mines
 11832 | Orc:1    | Noticed Josephine
 11832 | Orc:1    | Found a shimmering altar of Xom.
 11871 | Orc:1    | Killed Josephine
 12022 | Orc:1    | Found Puomn's Antique Weapon Shoppe.
 12254 | Orc:1    | Reached **** piety under Trog
 12270 | Orc:1    | Found Aschamne's General Store.
 12687 | Orc:2    | Entered Level 2 of the Orcish Mines
 13026 | Orc:2    | Found a staircase to the Elven Halls.
 13242 | Orc:2    | Found Wehug's Jewellery Emporium.
 13245 | Orc:2    | Noticed an orc high priest
 13424 | Orc:1    | Reached skill level 1 in Polearms
 13793 | Orc:2    | Paralysed by an orc sorcerer for 5 turns
 13926 | Orc:2    | Noticed an orc high priest
 13944 | Orc:2    | Killed an orc high priest
 13945 | Orc:2    | Reached XP level 13. HP: 107/122 MP: 14/14
 13990 | Orc:2    | Slain by a red devil

Illustrated notes

Levels and vault maps discovered:
D:1:      sevenhm_arrival_forest_fort_large_4, layout_loops_ring,
          kennysheep_minor_cross
D:2:      layout_basic
D:3:      lemuel_castle_with_subvaults [lemuel_castle_interior_carwin_3],
          layout_loops_cross, mainiacjoe_overflow_tiny_flanked,
          hellmonk_ecumenical_altar_run_dry, minmay_misc_feat_four_crosses,
          minmay_crystal_water
D:4:      layout_layer_cave, grunt_decor_junction, kennysheep_generic_room_9
D:5:      layout_gridville, serial_shops, shop
D:6:      layout_basic, mainiacjoe_overflow_divided_tiny,
          minmay_temple_entry_offerings
D:7:      layout_cave_pools, minmay_misc_feat_alley,
          chequers_serial_rivers_large_b, st_stairs_3, uniq_jeremiah
D:8:      layout_cave_pools, grunt_temple_overflow_cloverleaf, lair_entry_dummy,
          uniq_prince_ribbit1, uniq_maggie, uniq_pikel
D:9:      layout_gridville, nemelex_spade_bored_becter, lemuel_doored_altar,
          lemuel_crystal_altar, serial_shops,
          nicolae_shop_temple_entry_statues_fountains, nicolae_diamond_shop,
          shop, shop, shop, uniq_grum
D:10:     layout_basic, lemuel_coloured_pillars_altar, fiery_altar_vehumet,
          orc_0_dummy, uniq_urug, uniq_harold
D:11:     layout_loops_cross, minivault_15, nicolae_qazlal_scattered_showers,
          uniq_lodul, uniq_psyche, uniq_amaemon
D:12:     layout_loops_ring, okawaru_ov_weapons_minmay, uniq_nergalle
D:13:     minmay_the_grid_square_5x5_3x3 [minmay_the_grid_square_5x5_one_wall,
          minmay_the_grid_square_5x5_c,
          minmay_the_grid_square_5x5_fancy_junction,
          minmay_the_grid_square_5x5_comb,
          minmay_the_grid_square_5x5_megaprize_crossed,
          minmay_the_grid_square_5x5_bridge,
          minmay_the_grid_square_5x5_checkered_statues,
          minmay_the_grid_square_5x5_empty,
          minmay_the_grid_square_5x5_two_walls_b], layout_basic,
          ximxim_vaults_locker_room, enter_trove_0, serial_shops, shop
D:14:     layout_roguey, drop_trap
Orc:1:    layout_caves, serial_shops, shop, shop, basic_altar,
          lightli_orcish_oven, uniq_josephine
Orc:2:    st_orc_elflike, layout_caves, basic_altar, elf_legates

Skill      XL: |  1  2  3  4  5  6  7  8  9 10 11 12 13 |
---------------+----------------------------------------+-----
Fighting       | 2 3 4 5 6 7 9 10 12 13 | 13.6
Maces & Flails | 1 2 3 4 5 7 8 10 11 13 | 13.0
Throwing       | 1 2 3 4 5 7 8 9 11 | 11.2
Armour         | 1 2 3 4 6 8 9 11 12 13 | 13.0
Polearms       | 2 3 |  3.0
Dodging        | |  2.1
Stealth        | |  1.5
Spellcasting   | |  1.3
Conjurations   | |  0.6
Alchemy        | |  2.1

Action                     |  1- 3 |  4- 6 |  7- 9 | 10-12 | 13-15 || total
---------------------------+-------+-------+-------+-------+-------++-------
  Melee: Unarmed           |    13 |       |       |       |       ||    13
         Short sword       |     9 |       |       |       |       ||     9
         Headbutt          |    11 |    26 |    44 |   166 |     9 ||   256
         Whip              |    36 |   163 |   170 |   215 |       ||   584
         Spear             |    12 |       |       |       |       ||    12
         Punch             |     1 |     5 |     1 |     6 |     1 ||    14
         Morningstar       |       |       |     3 |   456 |       ||   459
         Demon trident     |       |       |       |     3 |       ||     3
         Demon whip        |       |       |       |    73 |    29 ||   102
  Throw: Throwing net      |       |       |       |     1 |       ||     1
   Cast: Sting             |     2 |     6 |       |       |       ||     8
 Invoke: Berserk           |       |       |     8 |    20 |     1 ||    29
         Trog's Hand       |       |       |     2 |    17 |     1 ||    20
  Evoke: Wand              |       |     2 |    26 |    18 |       ||    46
    Use: Scroll            |     2 |    14 |     3 |    17 |       ||    36
         Potion            |       |     1 |     4 |     8 |     2 ||    15
   Stab: Sleeping          |     3 |       |       |       |       ||     3
         Paralysed         |       |       |       |     3 |       ||     3
 Armour: Robe              |    36 |    91 |       |       |       ||   127
         Scale mail        |       |    14 |   147 |   632 |    35 ||   828
         Skin              |       |       |       |     5 |       ||     5
  Dodge: Dodged            |    40 |   111 |    96 |   402 |     8 ||   657
